 Dungeon Crawl Stone Soup version 0.26-a0-23-g3ae7099 (webtiles) character file.

Game seed: 14176725822954163086, levelgen mode: deterministic

2258 Firecrotchwizard the Firebug (level 9, -1/61 (62) HPs)
             Began as a Black Draconian Fire Elementalist on May 26, 2020.
             Was an Initiate of Vehumet.
             Slain by an orc
             ... wielding a +0 war axe
              (7 damage)
             ... on level 7 of the Dungeon on May 27, 2020.
             The game lasted 00:22:41 (9601 turns).

Firecrotchwizard the Firebug (DrFE)                 Turns: 9601, Time: 00:22:42

HP:   -1/61 (62)    AC:  8    Str: 11    XL:     9   Next: 15%
MP:   10/18         EV: 12    Int: 25    God:    Vehumet [......]
Gold: 479           SH:  0    Dex: 11    Spells: 8/21 levels left

rFire    + . .     SeeInvis .   t - +4 dagger (protect)
rCold    x . .     Gourm    .   (no shield)
rNeg     . . .     Faith    .   (armour unavailable)
rPois    .         Spirit   .   (helmet restricted)
rElec    +         Reflect  .   (no cloak)
rCorr    .         Harm     .   y - +0 pair of gloves
MR       .....                  (no boots)
Stlth    ++........             (no amulet)
HPRegen  0.20/turn              d - +6 ring of intelligence
MPRegen  0.16/turn              a - ring of fire {rF+, rC-}

@: no status effects
A: breathe lightning, unfitting armour, electricity resistance, cold-blooded, AC
+7
a: Breathe Lightning, Renounce Religion


You were on level 7 of the Dungeon.
You worshipped Vehumet.
Vehumet was noncommittal.
You were hungry.

You visited 2 branches of the dungeon, and saw 8 of its levels.
You also visited: Ossuary.

You collected 479 gold pieces.

Inventory:

Hand Weapons
 e - a +0 dagger
   (You took it off a goblin on level 1 of the Dungeon)
 g - a +0 dagger of draining
   (You found it on level 1 of the Dungeon)
 t - a +4 dagger of protection (weapon)
   (You took it off an orc on level 3 of the Dungeon)
 x - a +1 dagger of venom
   (You took it off an orc on level 6 of the Dungeon)
Missiles
 o - 26 poisoned darts
 p - 4 curare-tipped darts
Armour
 y - a +0 pair of gloves (worn)
   (You found it on level 6 of the Dungeon)
Magical Staves
 m - an uncursed staff of summoning {!a}
   (You found it on level 4 of the Dungeon)
Jewellery
 a - a ring of fire (right hand) {rF+, rC-}
   (You found it on level 3 of the Dungeon)
 d - a +6 ring of intelligence (left hand)
   (You found it on level 1 of the Dungeon)
Wands
 A - a wand of clouds (4)
   (You found it on level 7 of the Dungeon)
Scrolls
 f - 5 scrolls of teleportation
 i - 2 scrolls of enchant weapon {unknown}
 l - 2 scrolls of fear
 s - 6 scrolls of identify
 u - 5 scrolls of remove curse
 z - a scroll of silence {unknown}
Potions
 c - a potion of might {unknown}
 h - 4 potions of stabbing
 j - a potion of ambrosia {unknown}
 k - 2 potions of brilliance {unknown}
 n - a potion of lignification {unknown}
 q - 3 potions of curing {unknown}
 r - a potion of flight {unknown}
 v - a potion of magic {unknown}
 w - a potion of resistance {unknown}
Comestibles
 b - 8 rations


   Skills:
 - Level 1.8 Dodging
 - Level 1.8 Stealth
 + Level 6.5 Spellcasting
 + Level 7.4 Conjurations
 + Level 7.5 Fire Magic


You had 8 spell levels left.
You knew the following spells:

 Your Spells              Type           Power        Failure   Level  Hunger
a - Foxfire               Conj/Fire      ####         1%          1    None
c - Conjure Flame         Conj/Fire      ######..     1%          3    None
f - Fireball              Conj/Fire      ######....   9%          5    #####..
s - Sticky Flame          Conj/Fire      ######..     3%          4    ###....

Your spell library contained the following spells:

 Spells                   Type           Power        Failure   Level  Hunger
 Inner Flame              Hex/Fire       #####...     4%          3    None


Dungeon Overview and Level Annotations

Branches:
Dungeon (7/15)             Temple (1/1) D:6         Ossuary (visited)

Altars:
Ashenzari
Cheibriados
Dithmenos
Elyvilon
Fedhas
Gozag
Hepliaklqana
Kikubaaqudgha
Makhleb
Nemelex Xobeh
Okawaru
Qazlal
Ru
Sif Muna
Trog
Uskayaw
Vehumet
Wu Jian
Xom
Yredelemnul
Zin
The Shining One

Annotations:
D:5 Prince Ribbit


Innate Abilities, Weirdness & Mutations

You can breathe wild blasts of lightning.
Your glossy black scales are hard. (AC +7)
You cannot fit into any form of body armour.
You are resistant to electric shocks. (rElec)
You are cold-blooded and may be slowed by cold attacks.


Message History

You now have 17/18 mp.
You feel a surge of power!
You conjure some foxfire!
The foxfire hits Menkaure!
Menkaure is burned terribly!
The foxfire hits Menkaure.
Menkaure is burned terribly!
The sky beast flickers out of sight!
Deactivating autopickup; reactivate with Ctrl-A.
You now have 16/18 mp.
Aim: Menkaure (heavily damaged)
You feel a surge of power!
The sticky flame hits Menkaure!
Menkaure is burned terribly!
You destroy Menkaure!
Vehumet accepts your kill.
The foxfire hits something. x2
You now have 12/18 mp.
You feel a surge of power!
You conjure some foxfire!
You now have 11/18 mp.
You feel a surge of power!
You conjure some foxfire!
The foxfire hits something.
The foxfire hits something but does no damage.
You now have 10/18 mp.
You feel a surge of power!
You conjure some foxfire!
The foxfire hits something!
The foxfire hits something.
You feel a surge of power!
You conjure some foxfire!
The foxfire hits something. x2; Something hits you but does no damage.
You now have 9/18 mp.
You miss something.
The foxfire hits something but does no damage.
The foxfire hits something.
Vehumet accepts your kill.
Reactivating autopickup.
You feel a bit more experienced.
You start resting.
MP restored: 18 Some of the chunks of flesh in your inventory have rotted away.
You now have 473 gold pieces (gained 7).
u - 5 scrolls of remove curse (gained 1)
You now have 479 gold pieces (gained 6).
A shadow imp comes into view.
The shadow imp shouts, "Leave, thou unhinged base-court guttersnipe!"
You feel a surge of power!
You conjure some foxfire!
The shadow imp gestures at you. Pain shoots through your body!
You take 11 damage, and have 50/61 hp.
You now have 17/18 mp.
The foxfire hits the shadow imp!
The foxfire hits the shadow imp.
You kill the shadow imp!
Vehumet accepts your kill.
No target in view!
You feel a surge of power!
You conjure some foxfire!
You now have 16/18 mp.
An orc comes into view. It is wielding a +0 war axe.
An orc is nearby!
All of the chunks of flesh in your inventory have rotted away.
An orc warrior comes into view. It is wielding a +0 long sword.
You feel a surge of power!
You conjure some foxfire!
The orc warrior shouts!
You hear a shout!
The orc hits you but does no damage.
The orc hits your foxfire with a +0 war axe!
You now have 16/18 mp.
You hit the orc.
Your weapon exudes an aura of protection.
The foxfire hits the orc warrior.
The foxfire hits the orc.
You feel a surge of power!
You conjure some foxfire!
An orc comes into view. It is wielding a +0 hand axe.
The orc barely misses you. The orc warrior misses you.
You now have 15/18 mp.
Aim: an orc warrior, wielding a +0 long sword and wearing a +0 plate armour (lightly wounded)
You feel a surge of power!
The sticky flame hits the orc warrior.
The orc warrior is covered in liquid flames!
You are feeling hungry.
The orc warrior burns!
The foxfire hits the orc warrior.
The foxfire hits the orc warrior but does no damage.
The orc misses you.
The orc warrior hits you with a +0 long sword!
You take 7 damage, and have 45/61 hp.
You now have 11/18 mp.
You feel a surge of power!
You conjure some foxfire!
The orc warrior burns!
The orc hits you with a +0 war axe.
The orc hits your foxfire with a +0 war axe!
The orc warrior hits you with a +0 long sword!
You take 12 damage, and have 33/61 hp.
You now have 10/18 mp.
You hit the orc warrior but do no damage.
Your weapon exudes an aura of protection.
You tail-slap the orc warrior, but do no damage.
The orc warrior burns!
The foxfire hits the orc warrior but does no damage.
The foxfire hits the orc warrior.
A shadow imp comes into view.
The orc hits you but does no damage.
The orc warrior hits you with a +0 long sword!
* * * LOW HITPOINT WARNING * * *
You take 16 damage, and have 17/61 hp.
MASSIVE DAMAGE!!
You feel a surge of power!
You conjure some foxfire!
The orc warrior burns!
You now have 10/18 mp.
You completely miss the orc warrior.
Your tail-slap misses the orc warrior.
The orc warrior burns!
The foxfire hits the orc.
The foxfire hits the orc but does no damage.
The orc warrior hits you with a +0 long sword!
* * * LOW HITPOINT WARNING * * *
The shadow imp shouts, "Embrace thy failure, thou cockered dizzy-eyed whey-face!"
The orc hits you with a +0 war axe!
You die...

# ## #.. ###. #...
######### #...
#...5####.......# #...
......o@(.......## #...
......oo.........## #...
..................###...
...........>...........#
.................######.
.................# ##
.................#
.................#
..........ยง....##


You could see an orc warrior (burning), a shadow imp and 2 orcs.

Vanquished Creatures
  Menkaure (D:7)
  An orc warrior (D:6)
  2 sky beasts (D:7)
  A necrophage (D:6)
  A phantom (D:4)
  3 ogres
  2 elf zombies (Ossuary)
  A bullfrog (D:7)
  A scorpion (D:5)
  5 wights (D:6)
  2 howler monkeys (D:7)
  2 bullfrog zombies
  3 hounds
  A centaur skeleton (D:5)
  2 orc priests
  4 iguanas
  4 worker ants
  2 orc wizards (D:4)
  4 big kobold zombies (Ossuary)
  2 hound skeletons
  2 mummies (Ossuary)
  6 gnolls
  A howler monkey skeleton (D:6)
  4 adders
  A shadow imp (D:7)
  An adder zombie (Ossuary)
  5 worms
  A dart slug (D:3)
  6 leopard geckos
  17 orcs
  A ball python (D:6)
  4 bats
  10 giant cockroaches
  10 goblins
  7 hobgoblins
  12 jackals
  3 quokkas
  5 frilled lizards
  A goblin zombie (Ossuary)
  9 hobgoblin zombies (Ossuary)
  A jackal skeleton (D:4)
  3 jackal zombies (Ossuary)
  14 kobolds
  4 kobold zombies (Ossuary)
  13 orc zombies (Ossuary)
  A quokka zombie (D:7)
  11 rats
197 creatures vanquished.

Vanquished Creatures (others)
  430 foxfires
430 creatures vanquished.

Grand Total: 627 creatures vanquished

Notes
Turn   | Place    | Note
-------+----------+-------------------------------------------
     0 | D:1      | Firecrotchwizard the Draconian Fire Elementalist began the
                  | quest for the Orb.
     0 | D:1      | Reached XP level 1. HP: 14/14 MP: 3/3
   241 | D:1      | Reached XP level 2. HP: 20/20 MP: 1/5
   296 | D:1      | Found a shattered altar of Ashenzari.
   589 | D:1      | Reached skill level 2 in Conjurations
  1151 | D:2      | Reached XP level 3. HP: 14/26 MP: 6/6
  1513 | D:2      | Learned a level 3 spell: Conjure Flame
  2548 | D:2      | Reached XP level 4. HP: 26/33 MP: 3/7
  2935 | D:3      | Reached skill level 3 in Conjurations
  3460 | D:3      | Reached XP level 5. HP: 38/38 MP: 5/9
  3793 | D:3      | Reached skill level 3 in Spellcasting
  3831 | D:3      | Learned a level 4 spell: Sticky Flame
  3908 | D:3      | Reached skill level 4 in Fire Magic
  3911 | D:3      | HP: 9/38 [orc/cursed -1 club (3)]
  4590 | D:4      | Reached skill level 4 in Conjurations
  4687 | D:4      | Reached XP level 6. HP: 45/45 MP: 2/11
  5000 | D:4      | Reached skill level 4 in Spellcasting
  5005 | D:4      | Reached skill level 5 in Fire Magic
  5005 | D:4      | Your scales start taking on a glossy black colour.
  5005 | D:4      | Reached XP level 7. HP: 20/50 MP: 3/13
  5005 | D:4      | Gained mutation: You are resistant to electric shocks.
                  | (rElec) [Black Draconian growth]
  5391 | D:4      | Reached skill level 5 in Conjurations
  5791 | D:5      | Entered Level 5 of the Dungeon
  6087 | D:5      | Noticed Prince Ribbit
  6156 | D:5      | Found a shadowy altar of Dithmenos.
  6736 | D:6      | Found a sand-covered staircase.
  6747 | Ossuary  | Entered an ossuary
  7533 | Ossuary  | Reached skill level 5 in Spellcasting
  7533 | Ossuary  | Reached XP level 8. HP: 47/57 MP: 11/15
  7561 | Ossuary  | Reached skill level 6 in Fire Magic
  7728 | D:6      | HP: 3/57 [orc warrior/+0 long sword (15)]
  7729 | D:6      | Reached skill level 6 in Conjurations
  8334 | D:6      | Learned a level 5 spell: Fireball
  8661 | D:6      | Found a staircase to the Ecumenical Temple.
  8670 | Temple   | Entered the Ecumenical Temple
  8765 | Temple   | Became a worshipper of Vehumet
  9077 | D:7      | Reached skill level 6 in Spellcasting
  9077 | D:7      | Reached skill level 7 in Fire Magic
  9206 | D:7      | Reached skill level 7 in Conjurations
  9339 | D:7      | Reached XP level 9. HP: 43/61 MP: 14/18
  9508 | D:7      | Noticed Menkaure
  9512 | D:7      | Killed Menkaure
  9601 | D:7      | HP: 6/61 [orc warrior/+0 long sword (12)]
  9601 | D:7      | Slain by an orc

Illustrated notes

Levels and vault maps discovered:
D:1:      lemuel_arrival_cross, layout_loops_ring, ashenzari_altar_1
D:2:      minmay_skewed_foursquare, layout_basic, hangedman_decor_diamond_cutter
D:3:      cheibrodos_pilgrimage, layout_basic, first_ration
D:4:      layout_cave_pods, serial_bayou_crossing
D:5:      layout_loops_cross, lemuel_doored_altar, uniq_prince_ribbit1
D:6:      layout_gridville, minmay_temple_entry_mist,
          cheibrodos_sewer_entry_drain, nicolae_ossuary_entry_ruins
D:7:      layout_cave_pods, uniq_menkaure
Temple:   kilobyte_greek_temple

Skill      XL: |  1  2  3  4  5  6  7  8 |
---------------+-------------------------+-----
Conjurations   | 2 3 4 5 7 |  7.4
Spellcasting   | 3 4 5 6 |  6.5
Fire Magic     | 4 5 7 |  7.5
Dodging        | |  1.8
Stealth        | |  1.8

Action                   |  1- 3 |  4- 6 |  7- 9 || total
-------------------------+-------+-------+-------++-------
Melee: Unarmed           |     4 |       |       ||     4
       Dagger            |   179 |    96 |   242 ||   517
       Tailslap          |    13 |     7 |    25 ||    45
Throw: Dart              |       |       |     3 ||     3
 Cast: Foxfire           |    20 |    77 |   165 ||   262
       Conjure Flame     |       |     2 |       ||     2
       Sticky Flame      |       |       |     3 ||     3
 Abil: Breathe Lightning |       |       |     4 ||     4
  Use: Scroll            |       |     7 |     4 ||    11
       Potion            |       |       |     1 ||     1
 Stab: Sleeping          |     3 |     6 |     1 ||    10
  Eat: Chunk             |     5 |     8 |     5 ||    18
       Ration            |       |       |     3 ||     3
Armor: Skin              |    48 |    26 |   129 ||   203
Dodge: Dodged            |   101 |    61 |   179 ||   341

Table legend:
 A = Non-vault XP
 B = Vault XP
 C = Vault XP percentage of total XP
 D = Non-vault monster count
 E = Vault monster count
 F = Vault count percentage of total count
                 A         B        C        D         E       F
            +---------+---------+-------+---------+---------+-------
      Total |    2603 |     623 |  19.3 |     144 |      53 |  26.9
            +---------+---------+-------+---------+---------+-------
        D:1 |      38 |       0 |   0.0 |      24 |       0 |   0.0
        D:2 |      60 |       7 |  10.4 |      24 |       4 |  14.3
        D:3 |     133 |      55 |  29.3 |      24 |       6 |  20.0
        D:4 |     708 |       0 |   0.0 |      26 |       0 |   0.0
        D:5 |     211 |       0 |   0.0 |      14 |       0 |   0.0
        D:6 |     736 |       9 |   1.2 |      17 |       3 |  15.0
        D:7 |     717 |     183 |  20.3 |      15 |       1 |   6.2
    Ossuary |       0 |     369 | 100.0 |       0 |      39 | 100.0
            +---------+---------+-------+---------+---------+-------

Levels and vault maps discovered:
D:1:      lemuel_arrival_cross, layout_loops_ring, ashenzari_altar_1
D:2:      minmay_skewed_foursquare, layout_basic, hangedman_decor_diamond_cutter
D:3:      cheibrodos_pilgrimage, layout_basic, first_ration
D:4:      layout_cave_pods, serial_bayou_crossing
D:5:      layout_loops_cross, lemuel_doored_altar, uniq_prince_ribbit1
D:6:      layout_gridville, minmay_temple_entry_mist,
          cheibrodos_sewer_entry_drain, nicolae_ossuary_entry_ruins
D:7:      layout_cave_pods, uniq_menkaure
Temple:   kilobyte_greek_temple

Table legend:
 A = Turns spent in this place as a percentage of turns spent in the entire game.
 B = Non-inter-level travel turns spent in this place as a percentage of non-inter-level travel turns spent in the entire game.
 C = Inter-level travel turns spent in this place as a percentage of turns spent in this place.
 D = Turns resting spent in this place as a percentage of non-inter-level travel turns spent in this place.
 E = Turns spent auto-exploring this place as a percentage of non-inter-level travel turns spent in this place.
 F = Non-inter-level travel turns spent in this place divided by the number of levels of this place that you've seen.
                   A       B       C       D       E      F
               +-------+-------+-------+-------+-------+----------------------
         Total | 100.0 | 100.0 |   2.2 |  37.3 |  43.8 | 1042.8
       Dungeon |  88.6 |  88.7 |   2.0 |  35.1 |  47.1 | 1189.9
        Temple |   1.4 |   1.0 |  30.4 |   0.0 |  89.6 |  96.0
       Ossuary |  10.0 |  10.2 |   0.0 |  60.5 |  10.6 | 960.0
               +-------+-------+-------+-------+-------+----------------------

Table legend:
 A = Kills in this place as a percentage of kills in entire the game.
 B = Kills by you in this place as a percentage of kills by you in the entire game.
 C = Kills by friends in this place as a percentage of kills by friends in the entire game.
 D = Other kills in this place as a percentage of other kills in the entire game.
 E = Experience gained in this place as a percentage of experience gained in the entire game.
 F = Experience gained in this place divided by the number of levels of this place that you have seen.
                   A       B       C       D       E      F
               +-------+-------+-------+-------+-------+----------------------
         Total | 100.0 | 100.0 |   N/A |   N/A | 100.0 | 358.4
       Dungeon |  80.2 |  80.2 |   N/A |   N/A |  88.6 | 408.1
       Ossuary |  19.8 |  19.8 |   N/A |   N/A |  11.4 | 369.0
               +-------+-------+-------+-------+-------+----------------------
